 Dungeon Crawl Stone Soup version 0.27-a0-705-ga0013940fb (console) character file.

Game seed: 16923199845762383854

93362 jejorda2 the Phalangite (level 16, 0/195 HPs)
             Began as a Merfolk Berserker on Mar 22, 2021.
             Was a Believer of Trog.
             Slain by an orc warrior
             ... wielding a +0 dire flail
              (7 damage)
             ... on level 2 of the Orcish Mines.
             The game lasted 01:23:18 (28825 turns).

jejorda2 the Phalangite (Merfolk Berserker)        Turns: 28825, Time: 01:23:19

Health: 0/195      AC: 31    Str: 19    XL:     16   Next: 8%
Magic:  11/25      EV:  8    Int:  9    God:    Trog [**....]
Gold:   2182       SH:  0    Dex: 12    Spells: 15/15 levels left

rFire    + + +     SeeInvis .   a - +7 glaive {vorpal, rC+++ Will+ Int+3 Dex-2}
rCold    + + +     Faith    +   (shield currently unavailable)
rNeg     + . .     Spirit   .   N - +3 plate armour
rPois    +         Reflect  .   y - +2 helmet
rElec    .         Harm     .   Q - +1 cloak
rCorr    +         Rampage  .   o - +2 pair of gloves
Will     ++++.                  P - +2 pair of boots
Stlth    ..........             c - amulet of faith
HPRegen  1.42/turn              k - ring "Mofitoh" {rPois rF+ rN+ Str-3}
MPRegen  0.19/turn              p - ring of Obauligg {rF+++ rC+ rCorr MP+9 Int-2}

@: berserking (expiring), regenerating (expiring), very quick
A: (nimble swimmer 2), mertail
a: Renounce Religion, Berserk, Trog's Hand


You were on level 2 of the Orcish Mines.
You worshipped Trog.
Trog was pleased with you.
You visited 3 branches of the dungeon, and saw 22 of its levels.
You visited the Abyss 1 time.
You also visited: Trove, Sewer, Gauntlet and Ice Cave.

You collected 2347 gold pieces.
You spent 165 gold pieces at shops.

Inventory:

Hand Weapons
 a - the +7 glaive "Beastly Dragonslayer" (weapon) {vorpal, rC+++ Will+ Int+3 Dex-2}
   (Trog gifted it to you on level 10 of the Dungeon)

   It inflicts extra damage upon your enemies.
   It affects your intelligence (+3).
   It affects your dexterity (-2).
   It renders you almost immune to cold.
   It affects your willpower, your defense against some magical effects.
 b - the +5 halberd "Ultimatum" {flame, *Rage Dex+5}
   (Trog gifted it to you on level 6 of the Lair of Beasts)

   It has been specially enchanted to burn those struck by it, causing extra
   injury to most foes and up to half again as much damage against particularly
   susceptible opponents.
   Big, fiery blades are also staple armaments of hydra-hunters.
   It affects your dexterity (+5).
   It may make you go berserk in combat.
 s - the +10 flail of Zafrul {vamp, rPois rC+}
   (You found it in a Gauntlet)

   It inflicts no extra harm, but heals its wielder when it wounds a living foe.
   It protects you from cold.
   It protects you from poison.
 w - a +4 antimagic glaive
 J - the +2 war axe "Axaukeaq" {vorpal, +Blink Stlth+}
   (You found it on level 11 of the Dungeon)

   It inflicts extra damage upon your enemies.
   It lets you blink.
   It makes you more stealthy.
 V - a +5 vorpal bardiche
Missiles
 f - 5 javelins
 j - 70 poisoned darts (quivered)
 q - 49 boomerangs
 A - 16 curare-tipped darts
 C - a throwing net
 K - 16 silver javelins
Armour
 o - a +2 pair of gloves (worn)
 y - a +2 helmet (worn)
 N - a +3 plate armour (worn)
 P - a +2 pair of boots (worn)
 Q - a +1 cloak (worn)
Jewellery
 c - an amulet of faith (around neck)
 k - the ring "Mofitoh" (right hand) {rPois rF+ rN+ Str-3}
   (You found it in a treasure trove)

   [ring of poison resistance]

   It affects your strength (-3).
   It protects you from fire.
   It protects you from poison.
   It protects you from negative energy.
 p - the ring of Obauligg (left hand) {rF+++ rC+ rCorr MP+9 Int-2}
   (You found it in a treasure trove)

   [ring of resist corrosion]

   It affects your intelligence (-2).
   It renders you almost immune to fire.
   It protects you from cold.
   It affects your magic capacity (+9).
   It provides partial protection from all sources of acid and corrosion.
 v - a ring of see invisible
Wands
 z - a wand of digging (22)
 F - a wand of mindburst (18)
 G - a wand of polymorph (9)
 I - a wand of flame (65)
 M - a wand of acid (9)
 O - a wand of charming (9)
 T - a wand of iceblast (11)
Scrolls
 m - 2 scrolls of blinking
 r - 8 scrolls of teleportation
 E - 3 scrolls of fog
 R - 4 scrolls of identify
 S - a scroll of magic mapping
Potions
 e - 4 potions of attraction
 g - 6 potions of flight
 i - 7 potions of curing
 l - 3 potions of haste
 n - 5 potions of heal wounds
 t - 4 potions of invisibility
 u - 4 potions of lignification
 x - 3 potions of might
 B - 3 potions of ambrosia
 H - 2 potions of resistance
 L - a potion of mutation
 U - a potion of cancellation
Miscellaneous
 d - a condenser vane
 h - a phial of floods
 D - a tin of tremorstones (2/2)


   Skills:
 - Level 13.0 Fighting
 * Level 21.1 Polearms
 - Level 6.0 Throwing
 - Level 12.4 Armour
 - Level 6.0 Dodging
 - Level 4.0 Stealth
 - Level 9.5 Evocations


You had 15 spell levels left.
You didn't know any spells.
Your spell library contained the following spells:

 Spells                   Type           Power      Damage    Failure   Level
 Apportation              Tloc           0%         N/A       99%         1
 Shock                    Conj/Air       0%         1d3       99%         1
 Blink                    Tloc           N/A        N/A       100%        2
 Wereblood                Tmut           0%         N/A       100%        2
 Gell's Gravitas          Tloc           0%         N/A       100%        3
 Lesser Beckoning         Tloc           0%         N/A       100%        3
 Static Discharge         Conj/Air       0%         N/A       100%        3
 Stone Arrow              Conj/Erth      0%         3d7       100%        3
 Summon Guardian Golem    Hex/Summ       0%         N/A       100%        3
 Teleport Other           Tloc           0%         N/A       100%        3
 Ice Form                 Ice/Tmut       0%         N/A       100%        4
 Iskenderun's Mystic Bla  Conj/Tloc      0%         2d3       100%        4
 Manifold Assault         Tloc           0%         N/A       100%        4
 Iskenderun's Battlesphe  Conj           0%         2d6       100%        5
 Summon Forest            Summ/Tloc      0%         N/A       100%        5
 Eringya's Noxious Bog    Tmut/Pois      0%         N/A       100%        6


Dungeon Overview and Level Annotations

Branches:
Dungeon (14/15)            Temple (0/1) D:5            Lair (6/6) D:11
 Shoals (0/4) Lair:2       Spider (0/4) Lair:3        Slime (0/5) Lair:6
    Orc (2/2) D:11            Elf (0/3) Orc:2         Sewer (visited)
  IceCv (visited)         Gauntlet (visited)
 Vaults: D:13-14

Altars:
Cheibriados
Dithmenos
Fedhas
Kikubaaqudgha
Nemelex Xobeh
Okawaru
Qazlal
Xom
Zin
The Shining One

Shops:
D:1 (   D:6 =   D:12 =

Annotations:
Lair:4 2 transporters


Innate Abilities, Weirdness & Mutations

((You are quick and stealthy while swimming. (Stealth+, EV+, Speed+++)))
Your lower body shifts to a powerful aquatic tail in water.


Message History

You kill the orc priest!
Trog accepts your kill.
The orc warrior hits you but does no damage.
You slash the orc!
You kill the orc!
Trog accepts your kill.
The orc warrior hits you but does no damage.
Reach: a) +7 glaive {vorpal, rC+++ Will+ Int+3 Dex-2}
Press: ? - help, Dir - move target
Okay, then.
Unknown command.
Unknown command.
Unknown command.
You slash the orc warrior!
The orc warrior is moderately wounded.
You barely miss the orc warrior.
The orc warrior is moderately wounded.
The orc warrior hits you but does no damage. x2
You closely miss the orc warrior.
The orc warrior is moderately wounded.
The orc priest looks encouraged for a moment.
You slice the orc warrior!!
You kill the orc warrior!
Trog accepts your kill.
You feel the effects of Trog's Hand fading.
You slash the orc warrior!
The orc warrior is moderately wounded.
The orc priest invokes the aid of Beogh against you.
Beogh smites you!
* * * LOW HITPOINT WARNING * * *
You closely miss the orc warrior.
The orc warrior is moderately wounded.
The orc warrior hits you but does no damage. x2
You hit the orc warrior.
The orc warrior is heavily wounded.
You closely miss the orc warrior.
The orc warrior is heavily wounded.
The orc warrior hits you but does no damage.
The orc warrior hits you with a +0 dire flail!
You die...

.....#....$...)..##......,,,,**,,
...........##.)..#.......,,,***,,
#.........##.....).....#,,,,,*,,,
*^......####..........#**,,,,,,,,
**.......# ###......#.# *,,,,,,,,
**#.....#* #......#** ***,,,,**
#....#,** ##.#).## *,,,,,*
##<..#,,.* ##.#)).# **,,*,*,
#.4o##*.## #.o@#§§#* *,,,**,,
##.##*...* ##o##.oo# *,,,*,*,
##4h.##.#*** ##,.ooo# ****,,,,,
#..oo...#∩,** *.o...# **,∩*,,,*,
###......#,,,**#8h..8#**,,,*,,,,*
.##......#*,,,*#.....#*,,,**,,,,,
.........##*,,,#o...o#,,,**,,,,,,
..........#**,,o.....o,,***,,,,,,
.........###**,,,,,,,,,*****,,,**


You could see 2 orc warriors.

Vanquished Creatures
  Jorgrun (Orc:1)
  A tentacled starspawn (Abyss:1)
  Kirke (Lair:6)
  Nessos (D:14)
  A minotaur (Gauntlet)
  2 entropy weavers (Lair:5)
  A green death (Abyss:1)
  A fire dragon (Lair:6)
  A blizzard demon (Gauntlet)
  4 hydras
  Fannar (Lair:2)
  A rakshasa (Abyss:1)
  A catoblepas (Lair:6)
  2 centaur warriors (D:13)
  2 two-headed ogres
  A queen ant (Lair:5)
  8 death yaks
  Urug (Orc:2)
  Sonja (Lair:6)
  A glowing orange brain (Abyss:1)
  3 wizards (Gauntlet)
  A swamp dragon (Lair:6)
  4 orc knights
  An oklob plant (D:11)
  A wolf spider (Lair:6)
  6 ugly things
  2 orc sorcerers (Orc:2)
  4 cyclopes
  4 elephants (Lair:5)
  A guardian serpent (Lair:6)
  A merfolk siren (Lair:2)
  12 black mambas
  2 ice statues (IceCv)
  A gargoyle (D:13)
  4 smoke demons (Abyss:1)
  Maggie (D:6)
  18 cane toads
  A centaur skeleton (D:10)
  4 large abominations (Abyss:1)
  2 rime drakes
  11 komodo dragons
  A kobold demonologist (D:12)
  An ice devil (Gauntlet)
  2 ancient zymes (Abyss:1)
  Prince Ribbit (D:6)
  4 trolls
  5 hornets
  A polar bear (Lair:5)
  4 slime creatures (D:9)
  A raiju (Abyss:1)
  24 blink frogs
  2 flying skulls (Abyss:1)
  3 shadows
  3 redbacks (Lair:6)
  8 basilisks
  14 wyverns
  2 wraiths (D:12)
  A ynoxinul (Abyss:1)
  A chaos spawn (Abyss:1)
  34 yaks
  2 small abominations (Abyss:1)
  5 steam dragons
  3 wargs
  23 soldier ants
  23 water moccasins
  4 acid dragons
  34 orc warriors
  A swamp drake (Lair:6)
  4 sky beasts
  6 ice beasts
  11 ogres
  A necrophage (D:9)
  6 centaurs
  11 kobold brigands
  6 phantoms
  A gnoll sergeant (D:8)
  19 bullfrogs
  A wyvern zombie (D:11)
  6 scorpions
  An oklob sapling (D:11)
  6 killer bees
  16 wights
  4 howler monkeys
  3 centaur zombies
  3 jellies
  13 orc priests
  3 bullfrog skeletons
  13 hounds
  6 iguanas
  28 worker ants
  22 orc wizards
  2 hound zombies (D:7)
  A hound skeleton (D:8)
  A howler monkey zombie (D:8)
  Robin (D:1)
  A worker ant zombie (D:7)
  14 gnolls
  18 adders
  2 shadow imps
  27 white imps
  5 ufetubi
  2 adder skeletons
  8 worms
  93 orcs
  8 bats
  4 giant cockroaches
  13 goblins
  5 hobgoblins
  13 jackals
  14 oozes
  6 quokkas
  15 ball pythons
  7 frilled lizards
  A giant cockroach zombie (D:6)
  A jackal skeleton (D:9)
  23 kobolds
  A quokka skeleton (D:6)
  2 quokka zombies
  7 rats
809 creatures vanquished.

Vanquished Creatures (collateral kills)
  A rakshasa (Abyss:1)
  A hydra (Lair:2)
  2 death yaks
  An elephant (Lair:6)
  A smoke demon (Abyss:1)
  2 hogs (Lair:6)
  A yak (D:11)
  A water moccasin (Lair:2)
  2 ice beasts (IceCv)
  A bullfrog (Lair:2)
  A white imp (D:11)
14 creatures vanquished.

Vanquished Creatures (others)
  5 humans (Lair:6)
  An iguana (Lair:6)
  A white imp (Gauntlet)
  A bush (D:11)
  5 demonic plants
  25 fungi
  73 plants
  3 starspawn tentacles (Abyss:1)
114 creatures vanquished.

Grand Total: 937 creatures vanquished

Notes
Turn   | Place    | Note
-------+----------+-------------------------------------------
     0 | D:1      | jejorda2 the Merfolk Berserker began the quest for the Orb.
     0 | D:1      | Reached XP level 1. HP: 18/18 MP: 1/1
   434 | D:1      | Reached XP level 2. HP: 24/24 MP: 2/2
   488 | D:1      | Reached skill level 5 in Polearms
   726 | D:1      | Found Atekoso's Weapon Boutique.
  1250 | D:2      | Reached XP level 3. HP: 26/28 MP: 3/3
  1294 | D:2      | Found an iron altar of Okawaru.
  1303 | D:2      | Noticed Robin
  1317 | D:2      | Reached ** piety under Trog
  1326 | D:1      | HP: 1/30 [hobgoblin[Robin] (4)]
  1634 | D:1      | Killed Robin
  1850 | D:2      | Reached XP level 4. HP: 37/37 MP: 4/4
  1901 | D:2      | Found a blossoming altar of Fedhas.
  1954 | D:2      | Reached skill level 6 in Polearms
  2587 | D:3      | Reached XP level 5. HP: 42/42 MP: 5/5
  2982 | D:3      | Reached *** piety under Trog
  3395 | D:4      | Identified a scroll of acquirement
  3395 | D:4      | Acquired the +6 glaive "Urroarac" {venom, Str+3}
  3401 | D:4      | Reached skill level 7 in Polearms
  3404 | D:4      | Found a snail-covered altar of Cheibriados.
  3586 | D:4      | Reached XP level 6. HP: 49/49 MP: 6/6
  3803 | D:4      | Found a stormy altar of Qazlal.
  4078 | D:5      | Entered Level 5 of the Dungeon
  4104 | D:5      | Found a sparkling altar of Nemelex Xobeh.
  4147 | D:5      | Reached skill level 8 in Polearms
  4153 | D:5      | Found a staircase to the Ecumenical Temple.
  4169 | D:5      | Reached skill level 5 in Fighting
  4169 | D:5      | Reached XP level 7. HP: 54/56 MP: 7/7
  4200 | D:5      | Found a glowing drain.
  4217 | Sewer    | Entered a sewer
  4569 | Sewer    | Reached skill level 9 in Polearms
  4789 | Sewer    | Reached XP level 8. HP: 12/64 MP: 8/8
  5121 | Sewer    | Reached skill level 10 in Polearms
  5244 | D:5      | Reached **** piety under Trog
  5595 | D:5      | Reached skill level 11 in Polearms
  5664 | D:5      | Found an ancient bone altar of Kikubaaqudgha.
  5978 | D:6      | Found Bophaod's Jewellery Boutique.
  6007 | D:6      | Bought a ring of see invisible for 165 gold pieces
  6036 | D:6      | Noticed Prince Ribbit
  6048 | D:6      | Killed Prince Ribbit
  6049 | D:6      | Reached skill level 12 in Polearms
  6162 | D:6      | Noticed Maggie
  6178 | D:6      | Killed Maggie
  6179 | D:6      | Reached XP level 9. HP: 69/69 MP: 9/9
  6184 | D:6      | Reached skill level 13 in Polearms
  6184 | D:6      | Reached skill level 5 in Armour
  6462 | D:6      | Found a glowing silver altar of Zin.
  6516 | D:6      | Found a snail-covered altar of Cheibriados.
  6870 | D:7      | Noticed a troll
  6874 | D:7      | Killed a troll
  6875 | D:7      | Reached skill level 14 in Polearms
  6891 | D:6      | Reached ***** piety under Trog
  7293 | D:7      | Reached XP level 10. HP: 76/76 MP: 10/10
  7881 | D:7      | Reached skill level 15 in Polearms
  8200 | D:8      | Received a gift from Trog
  8214 | D:8      | Noticed a two-headed ogre
  8234 | D:8      | Reached skill level 16 in Polearms
  8238 | D:8      | Identified the +8 falchion of Income {elec, rElec Str+2}
  8630 | D:8      | Killed a two-headed ogre
  8909 | D:8      | Reached skill level 17 in Polearms
  9009 | D:9      | HP: 2/76 [slime creature (10)]
  9279 | D:9      | Found a sparkling altar of Nemelex Xobeh.
  9339 | D:9      | Reached skill level 18 in Polearms
  9386 | D:9      | Reached XP level 11. HP: 79/81 MP: 11/11
  9512 | D:9      | Reached skill level 1 in Throwing
  9569 | D:9      | Found a shimmering altar of Xom.
  9689 | D:9      | Reached skill level 1 in Evocations
 10052 | D:10     | Entered Level 10 of the Dungeon
 10052 | D:10     | Found a glowing golden altar of the Shining One.
 10704 | D:10     | Identified the +7 glaive "Beastly Dragonslayer" {vorpal,
                  | rC+++ Will+ Int+3 Dex-2} (Trog gifted it to you on level 10
                  | of the Dungeon)
 10704 | D:10     | Received a gift from Trog
 10822 | D:10     | Noticed a two-headed ogre
 10829 | D:10     | Killed a two-headed ogre
 10830 | D:10     | Reached skill level 19 in Polearms
 11111 | D:11     | Found a frozen archway.
 11125 | D:11     | Noticed a death yak
 11127 | D:11     | Noticed a death yak
 11129 | D:11     | Noticed a death yak
 11129 | D:11     | Noticed a death yak
 11130 | D:11     | Noticed a death yak
 11141 | D:11     | Noticed a death yak
 11142 | D:11     | Killed a death yak
 11165 | D:10     | Killed a death yak
 11165 | D:10     | HP: 6/121 [death yak (2)]
 11171 | D:10     | Killed a death yak
 11518 | IceCv    | Entered an ice cave
 11518 | IceCv    | Noticed a white ugly thing
 11535 | IceCv    | Killed a white ugly thing
 11745 | IceCv    | Found a transporter.
 11766 | IceCv    | Noticed a white ugly thing
 11767 | IceCv    | Found a transporter.
 11780 | IceCv    | Killed a white ugly thing
 11786 | IceCv    | Reached XP level 12. HP: 88/88 MP: 12/12
 11905 | D:10     | Killed a death yak
 11906 | D:10     | Reached skill level 20 in Polearms
 11906 | D:10     | Reached skill level 5 in Throwing
 11906 | D:10     | Reached skill level 5 in Evocations
 12099 | D:10     | Killed a death yak
 12434 | D:11     | Found a staircase to the Orcish Mines.
 12560 | D:11     | Killed a death yak
 12960 | D:11     | Identified the +2 war axe "Axaukeaq" {vorpal, +Blink
                  | Stlth+}
 12984 | D:11     | Found a staircase to the Lair.
 13392 | Lair:1   | Entered Level 1 of the Lair of Beasts
 13735 | Lair:1   | Noticed a five-headed hydra
 13745 | Lair:1   | Killed a five-headed hydra
 14375 | Lair:1   | Received a gift from Trog
 14775 | Lair:2   | Reached XP level 13. HP: 98/98 MP: 13/13
 15123 | Lair:2   | Noticed Fannar
 15135 | Lair:2   | Killed Fannar
 15144 | Lair:2   | Identified the +0 ring mail of Xoipoimu {rF+ rC+ Stlth+}
 15459 | Lair:2   | Found a staircase to the Shoals.
 16698 | Lair:3   | Found a hole to the Spider Nest.
 17449 | Lair:4   | Found a transporter.
 17451 | Lair:4   | Found a transporter.
 18393 | Lair:5   | Reached skill level 5 in Dodging
 18683 | Lair:5   | Identified the +6 halberd of Elaagac {antimagic, *Rage rC+
                  | rN+ Will++} (Trog gifted it to you on level 5 of the Lair
                  | of Beasts)
 18683 | Lair:5   | Received a gift from Trog
 18778 | Lair:5   | Reached XP level 14. HP: 109/109 MP: 14/14
 18788 | Lair:5   | Noticed an entropy weaver
 18811 | Lair:5   | Killed an entropy weaver
 18932 | Lair:5   | Reached skill level 10 in Armour
 18937 | Lair:5   | Reached skill level 10 in Fighting
 19255 | Lair:5   | Noticed an entropy weaver
 19265 | Lair:5   | Killed an entropy weaver
 19878 | Lair:6   | Entered Level 6 of the Lair of Beasts
 19879 | Lair:6   | Noticed Sonja
 19895 | Lair:6   | Cast into level 1 of the Abyss (Sonja)
 20204 | Abyss:1  | Noticed a tentacled starspawn
 20218 | Abyss:1  | Killed a tentacled starspawn
 20507 | Lair:6   | Escaped the Abyss
 21317 | Lair:6   | Killed Sonja
 21467 | Lair:6   | Noticed Kirke
 21484 | Lair:6   | Killed Kirke
 21700 | Lair:6   | Reached XP level 15. HP: 111/120 MP: 15/15
 21916 | Lair:6   | Found the +7 Spriggan's Knife {stab, EV+4 Stlth+}
 22238 | Lair:6   | Identified the +5 halberd "Ultimatum" {flame, *Rage Dex+5}
                  | (Trog gifted it to you on level 6 of the Lair of Beasts)
 22238 | Lair:6   | Received a gift from Trog
 22659 | Lair:6   | Found a staircase to the Slime Pits.
 22781 | Lair:6   | Found a shimmering altar of Xom.
 23784 | D:12     | Found Feec's Jewellery Shop.
 25328 | D:13     | Found a gate leading to a gauntlet.
 25342 | D:13     | Received a gift from Trog
 25357 | Gauntlet | Entered a Gauntlet
 25357 | Gauntlet | Found a transporter.
 25357 | Gauntlet | Found a transporter.
 25452 | Gauntlet | Found a transporter.
 25470 | Gauntlet | Found a transporter.
 25470 | Gauntlet | Found a transporter.
 25470 | Gauntlet | Found a transporter.
 25472 | Gauntlet | Found a transporter.
 25472 | Gauntlet | Found a transporter.
 25487 | Gauntlet | Found a transporter.
 25500 | Gauntlet | Found a transporter.
 25510 | Gauntlet | Found a transporter.
 25525 | Gauntlet | Found a transporter.
 25545 | Gauntlet | Found a transporter.
 25548 | Gauntlet | Found a runed translucent door.
 25553 | Gauntlet | Found a runed translucent door.
 25557 | Gauntlet | Found a transporter.
 25595 | Gauntlet | Reached skill level 1 in Stealth
 25638 | Gauntlet | Identified the +10 flail of Zafrul {vamp, rPois rC+}
 25727 | Gauntlet | Identified the ring "Iqiustrivvi" {Fire Will+ Dex+2}
 25729 | Gauntlet | Identified the Volume of Displaced Transmutation
 25783 | Gauntlet | Identified the ring "Tyarux" {rN+ Will+ Str+3 Dex+5}
 25838 | Gauntlet | Identified the Disquisition on Companions and Attacks
 26702 | D:14     | Found a shadowy altar of Dithmenos.
 26909 | D:14     | Noticed Nessos
 26920 | D:14     | Killed Nessos
 27317 | D:14     | Found a portal to a secret trove of treasure.
 27349 | Trove    | Entered a treasure trove
 27355 | Trove    | Identified the ring of Xegel {AC+4 Dex+3}
 27360 | Trove    | Identified the ring of Okuyq {Fire *Drain rN+ Will+ SInv}
 27362 | Trove    | Identified the ring "Mofitoh" {rPois rF+ rN+ Str-3}
 27369 | Trove    | Identified the ring of Obauligg {rF+++ rC+ rCorr MP+9
                  | Int-2}
 27373 | Trove    | Identified the ring "Utadidan" {*Contam rF+ rN+ EV+4 Dex+5}
 27380 | Trove    | Identified the ring "Ziecw" {rF+ MP+9 Str+4}
 27545 | Orc:1    | Entered Level 1 of the Orcish Mines
 27713 | Orc:1    | Reached * piety under Trog
 27727 | Orc:1    | Noticed Jorgrun
 27742 | Orc:1    | Killed Jorgrun
 28195 | Orc:1    | You fall into a shaft and drop 1 floor!
 28195 | Orc:2    | Entered Level 2 of the Orcish Mines
 28558 | Orc:1    | Reached XP level 16. HP: 123/129 MP: 12/16
 28776 | Orc:2    | Noticed Urug
 28803 | Orc:2    | Reached skill level 21 in Polearms
 28814 | Orc:2    | Killed Urug
 28822 | Orc:2    | HP: 5/195 [orc priest/divine providence (12)]
 28825 | Orc:2    | Slain by an orc warrior

Illustrated notes

Levels and vault maps discovered:
D:1:      minmay_arrival_three_doors, layout_basic, serial_shops, shop
D:2:      layout_loops_ring, okawaru_ov_weapons_minmay, fedhas_altar_1,
          uniq_robin
D:3:      layout_loops_ring, serial_bayou, serial_bayou_crossing,
          serial_bayou_shore_a, serial_bayou_pond_d, serial_bayou_pond_b
D:4:      layout_basic, nicolae_qazlal_general_emergency,
          overflow_temple_1_default
D:5:      layout_cave_pods, old_standard_altar,
          minmay_temple_entry_proselytizer, basic_altar,
          lightli_sewer_entry_pipes
D:6:      layout_rooms, lemuel_doored_altar, basic_altar, serial_shops,
          nicolae_shop_temple_entry_statues_fountains, uniq_maggie,
          uniq_prince_ribbit1
D:7:      layout_basic, minmay_fractal_squares_diagonal_5
D:8:      layout_rooms, nrook_mini_backslash, st_stairs_8
D:9:      layout_roguey, overflow_temple_1_default, kennysheep_little_box
D:10:     layout_roguey, tso_metal_star
D:11:     layout_big_octagon, dpeg_lair_monsters, portal_ice_cave_entry_imps,
          introduction_to_nature_2
D:12:     layout_loops_corners, special_room [special_room_orc],
          minmay_shop_enchanted_jewellery
D:13:     layout_irregular_city, gauntlet_entry_generic
D:14:     layout_gridville, david_vaults_5, nicolae_trove_entry_columns,
          grunt_dithmenos_smoke_and_mirrors, chequers_avenue, uniq_nessos
Lair:1:   layout_regular_city, st_stairs_8
Lair:2:   layout_gridlike, minmay_shoals_entry_lonely_mermaid, uniq_fannar
Lair:3:   layout_roguey, spider_nest_entry_web_field, serial_bayou_shore_b,
          grunt_megastairs_1
Lair:4:   gammafunk_boulding_lane, layout_regular_city,
          nicolae_quartered_pool_little, minmay_holes
Lair:5:   layout_gridlike, zaba_anthell
Lair:6:   guppyfry_lair_end_dragon, layout_hall_layers,
          hangedman_lair_tendril_chambers, dpeg_slime_entry_corner, basic_altar,
          infiniplex_staircase_pool_2, uniq_kirke, uniq_sonja
Orc:1:    layout_diamond_mine, nicolae_orc_jurassic_orc, uniq_jorgrun
Orc:2:    grunt_orc_cross, layout_diamond_mine, nicolae_orc_sculptors_studio,
          mines2_lemuel

Skill      XL: |  1  2  3  4  5  6  7  8  9 10 11 12 13 14 15 16 |
---------------+-------------------------------------------------+-----
Polearms       | 5 6 7 8 9 12 14 18 19 20 21 | 21.1
Armour         | 2 3 4 5 6 7 9 11 12 | 12.4
Fighting       | 4 5 6 8 9 11 12 13 | 13.0
Throwing       | 4 6 |  6.0
Evocations     | 4 7 8 9 |  9.5
Dodging        | 5 6 |  6.0
Stealth        | 4 |  4.0

Action                   |  1- 3 |  4- 6 |  7- 9 | 10-12 | 13-15 | 16-18 || total
-------------------------+-------+-------+-------+-------+-------+-------++-------
Melee: Spear             |   122 |   133 |       |       |       |       ||   255
       Glaive            |       |    31 |   275 |   592 |  1126 |    93 ||  2117
       Tailslap          |       |     1 |     9 |     4 |    12 |       ||    26
       Trident           |       |       |       |     5 |    33 |       ||    38
Throw: Javelin           |       |     2 |       |     5 |       |       ||     7
       Dart              |       |       |     3 |     2 |       |       ||     5
       Throwing net      |       |       |       |       |     2 |       ||     2
       Stone             |       |       |       |       |     1 |       ||     1
Invok: Berserk           |       |     1 |     2 |     9 |    12 |     1 ||    25
       Trog's Hand       |       |       |     1 |     2 |     9 |     1 ||    13
       Brothers in Arms  |       |       |       |     3 |     5 |       ||     8
Evoke: Wand              |       |       |       |       |     2 |       ||     2
       Condenser vane    |       |       |       |       |     1 |       ||     1
       Tin of tremorston |       |       |       |       |     2 |       ||     2
  Use: Scroll            |       |     8 |     7 |     9 |    11 |       ||    35
       Potion            |       |       |       |     4 |     1 |       ||     5
 Stab: Distracted        |       |       |       |     1 |     1 |       ||     2
       Petrified         |       |       |       |       |     1 |       ||     1
Armor: Plate armour      |    35 |    65 |   132 |   303 |   605 |    51 ||  1191
Dodge: Dodged            |    13 |    37 |    85 |   141 |   333 |    30 ||   639
       Repelled          |       |       |       |     5 |       |       ||     5

Table legend: (Time is in decaauts)
 A = Elapsed time spent in this place.
 B = Non-inter-level travel time spent in this place.
 C = Inter-level travel time spent in this place.
 D = Time resting spent in this place.
 E = Time spent auto-exploring this place.
 F = Levels seen in this place.
 G = Mean time per level.
                   A        B        C        D        E       F      G
               +--------+--------+--------+--------+--------+-----+--------+
         Total |  28387 |  26974 |   1413 |   1896 |  20168 |  27 | 1051.4 |
       Dungeon |  15507 |  14743 |    764 |    702 |  11549 |  14 | 1107.6 |
          Lair |   9251 |   8643 |    608 |    550 |   6841 |   6 | 1541.8 |
  Orcish Mines |   1221 |   1180 |     41 |    137 |    750 |   2 |  610.5 |
         Abyss |    598 |    598 |      0 |    181 |     32 |   1 |  598.0 |
         Trove |     53 |     53 |      0 |      0 |      0 |   1 |   53.0 |
         Sewer |    876 |    876 |      0 |      0 |    703 |   1 |  876.0 |
      Ice Cave |    375 |    375 |      0 |    199 |     56 |   1 |  375.0 |
      Gauntlet |    501 |    501 |      0 |    125 |    236 |   1 |  501.0 |
               +--------+--------+--------+--------+--------+-----+--------+

Top non-repeatable levels by time:
  Lair:6: 2333 daAuts
  Lair:5: 2244 daAuts
    D:10: 1675 daAuts
     D:1: 1657 daAuts
    D:12: 1506 daAuts
    D:11: 1494 daAuts
  Lair:1: 1462 daAuts
     D:7: 1389 daAuts
     D:9: 1236 daAuts
  Lair:4: 1156 daAuts
  Lair:2: 1149 daAuts
   Orc:1: 1002 daAuts
     D:6: 939 daAuts
     D:5: 922 daAuts
  Lair:3: 906 daAuts
